 Dungeon Crawl Stone Soup version 0.22.1-1-ga44c0e56f4 (webtiles) character file.

36 Revguard the Skirmisher (level 3, -1/43 HPs)
             Began as a Demonspawn Abyssal Knight on Oct 27, 2018.
             Was a Follower of Lugonu.
             Slain by an ogre
             ... wielding a +0 giant club
              (9 damage)
             ... on level 2 of the Dungeon.
             The game lasted 00:06:30 (1636 turns).

Revguard the Skirmisher (Demonspawn Abyssal Knight) Turns: 1636, Time: 00:06:31

Health: -1/43      AC: 21    Str: 12    XL:     3   Next: 19%
Magic:  5/5        EV:  2    Int: 14    God:    Lugonu [*.....]
Gold:   102        SH:  0    Dex: 12    Spells: 3/3 levels left

rFire    . . .     SeeInvis .   a - +1 falchion
rCold    . . .     Gourm    .   (no shield)
rNeg     + + +     Faith    .   (armour currently unavailable)
rPois    +         Spirit   .   (helmet currently unavailable)
rElec    .         Reflect  .   (cloak currently unavailable)
rCorr    .         Harm     .   (gloves currently unavailable)
MR       .....     NoTele   +   (boots currently unavailable)
Stlth    +.........             e - amulet of inaccuracy (curse)
HPRegen  0.14/turn              (no ring)
MPRegen  0.09/turn              (no ring)

@: tree-form
A: no striking features
a: Depart the Abyss, Renounce Religion


You were on level 2 of the Dungeon.
You worshipped Lugonu.
Lugonu was aware of your devotion.
You were hungry.
You were a tree.
You visited 1 branch of the dungeon, and saw 2 of its levels.
You visited the Abyss 1 time.

You collected 102 gold pieces.

Inventory:

Hand Weapons
 a - a +1 falchion (weapon)
Armour
 b - a +0 leather armour (melded)
 f - a +0 pair of boots (melded)
 h - a +0 cloak (melded)
Jewellery
 e - a cursed amulet of inaccuracy (around neck)
Scrolls
 d - 3 scrolls of noise {unknown}
 g - 5 scrolls of identify {unknown}
 i - a scroll of enchant armour {unknown}
Comestibles
 c - 4 rations


   Skills:
 + Level 3.5 Fighting
 + Level 2.1 Long Blades
 + Level 1.9 Armour
 + Level 1.0 Dodging
 * Level 0.8 Spellcasting
 + Level 2.9 Invocations


You had 3 spell levels left.
You didn't know any spells.
Your spell library contained the following spells:

 Spells                   Type           Power        Failure   Level  Hunger
 Ice Form                 Ice/Tmut       #.......     95%         4    #####..
 Metabolic Englaciation   Hex/Ice        #.........   100%        5    ######.
 Bolt of Cold             Conj/Ice       #.........   100%        6    #######
 Freezing Cloud           Conj/Ice/Air   #.........   100%        6    #######
 Ozocubu's Refrigeration  Ice            #.........   100%        6    #######
 Simulacrum               Ice/Necr       #.........   100%        6    #######


Dungeon Overview and Level Annotations

Branches:
Dungeon (2/15)

Altars:


Innate Abilities, Weirdness & Mutations

((You have a pair of small antennae on your head.))
((You are partially covered in slimy green scales. (AC +2)))


Message History

An ogre comes into view. It is wielding a giant club.
The ogre shouts!
You aren't in the Abyss!
You are feeling hungry.
You closely miss the ogre. The ogre barely misses you.
You closely miss the ogre. The ogre hits you with a giant club!!
Ouch! That really hurt!
* * * LOW HITPOINT WARNING * * *
You turn into a tree.
Your +0 cloak melds into your body.
Your +0 pair of boots melds into your body.
Your +0 leather armour melds into your body.
Your roots penetrate the ground.
The ogre hits you but does no damage.
You slash the ogre!
The ogre is moderately wounded.
The ogre barely misses you.
You riposte.
You closely miss the ogre.
The ogre is moderately wounded.
You slash the ogre!
The ogre is severely wounded.
The ogre hits you with a giant club!
You die...

# # ..####### ..#
# ......# #...#
#.##.##.###......
#.#.....♣O.......
#.......###......
#.#...#.# #...#
.. ##.##.# ..#
....###.##.# . ..
#.........# ..#
######'#### #.#
##...## #.#
##.....##


You could see an ogre.

Vanquished Creatures
  A ball python (D:1)
  4 bats
  3 giant cockroaches (D:1)
  6 hobgoblins
  5 kobolds (D:1)
  2 frilled lizards (D:1)
  5 goblins (D:1)
  9 rats
35 creatures vanquished.

Notes
Turn   | Place    | Note
-------+----------+-------------------------------------------
     0 | Abyss:1  | Revguard the Demonspawn Abyssal Knight began the quest for
                  | the Orb.
     0 | Abyss:1  | Reached XP level 1. HP: 18/18 MP: 2/2
    17 | Abyss:2  | Found a corrupted altar of Lugonu.
    31 | Abyss:2  | Found a corrupted altar of Lugonu.
    78 | Abyss:2  | Noticed a tormentor
    83 | D:1      | Escaped the Abyss
   330 | D:1      | Reached * piety under Lugonu
   423 | D:1      | Gained mutation: You have a pair of small antennae on your
                  | head. [demonic ancestry]
   423 | D:1      | Reached XP level 2. HP: 23/24 MP: 4/4
   434 | D:1      | HP: 1/36 [rat (1)]
   787 | D:1      | HP: 1/24 [goblin/dagger (5)]
  1079 | D:1      | Gained mutation: You are partially covered in slimy green
                  | scales. (AC +2) [demonic ancestry]
  1079 | D:1      | Reached XP level 3. HP: 29/29 MP: 5/5
  1345 | D:1      | Reached skill level 1 in Dodging
  1627 | D:2      | Noticed an ogre
  1636 | D:2      | Slain by an ogre

Skill      XL: |  1  2  3 |
---------------+----------+-----
Long Blades    | 2 |  2.1
Dodging        | 1 |  1.0
Fighting       | |  3.5
Armour         | |  1.9
Spellcasting   | |  0.8
Invocations    | |  2.9

Action                   || total
-------------------------++-------
Melee: Falchion          ||   116
Invok: Depart the Abyss  ||     1
  Use: Potion            ||     5
  Eat: Chunk             ||     2
Armor: Leather armour    ||    76
       Skin              ||    19
Dodge: Dodged            ||   115
       Rpst.: Falchion   ||    36
